 Dungeon Crawl Stone Soup version 0.25.1-2-g60ff931df9 (webtiles) character file.

Game seed: 11524720634161223837

1612 hawla the Stinger (level 8, -4/61 HPs)
             Began as a Red Draconian Venom Mage on Nov 10, 2020.
             Was a Follower of Vehumet.
             Slain by a wight
             ... wielding a +0 war axe
              (7 damage)
             ... on level 6 of the Dungeon.
             The game lasted 00:23:44 (8098 turns).

hawla the Stinger (Red Draconian Venom Mage)        Turns: 8098, Time: 00:23:45

Health: -4/61      AC:  6    Str:  7 (10) XL:     8   Next: 63%
Magic:  8/17       EV: 12    Int: 16 (18) God:    Vehumet [*.....]
Gold:   443        SH:  0    Dex: 15 (18) Spells: 5/19 levels left

rFire    + . .     SeeInvis .   m - +1 whip (drain)
rCold    + . .     Gourm    .   (no shield)
rNeg     . . .     Faith    .   (armour unavailable)
rPois    .         Spirit   .   (helmet restricted)
rElec    .         Reflect  .   (no cloak)
rCorr    .         Harm     .   r - -1 pair of gloves (curse)
MR       .....                  (no boots)
Stlth    ++........             (no amulet)
HPRegen  0.20/turn              d - ring of protection from cold
MPRegen  0.15/turn              k - +6 ring of dexterity

@: very slightly contaminated, hasted, heavily drained, very quick
A: breathe fire, unfitting armour, stinger 1, fire resistance 1, sense
surroundings 1, cold-blooded, AC +6
a: Breathe Fire, Renounce Religion


You were on level 6 of the Dungeon.
You worshipped Vehumet.
Vehumet was aware of your devotion.
You were not hungry.

You visited 2 branches of the dungeon, and saw 7 of its levels.

You collected 443 gold pieces.

Inventory:

Hand Weapons
 m - a +1 whip of draining (weapon)
Missiles
 c - 46 poisoned darts
 n - 3 boomerangs
 t - 3 silver boomerangs (quivered)
Armour
 i - a +1 pair of gloves
 r - a cursed -1 pair of gloves (worn)
Magical Staves
 z - an uncursed staff of fire {unknown}
Jewellery
 a - an uncursed ring of positive energy {unknown}
 d - a ring of protection from cold (left hand)
 k - a +6 ring of dexterity (right hand)
 u - a cursed amulet of inaccuracy {unknown}
 v - a cursed ring of poison resistance {unknown}
Wands
 p - a wand of flame (15)
 s - a wand of polymorph (5)
Scrolls
 e - 2 scrolls of amnesia
 l - a scroll of noise {unknown}
 q - a scroll of identify
 w - a scroll of brand weapon {unknown}
 y - a scroll of teleportation
Potions
 g - a potion of magic {unknown}
 h - a potion of degeneration
 j - 2 potions of haste
 o - a potion of stabbing {unknown}
Comestibles
 b - 3 rations


   Skills:
 + Level 2.0(0.9) Fighting
 + Level 2.3(1.1) Throwing
 + Level 3.0(1.8) Dodging
 - Level 1.7(0.6) Stealth
 + Level 6.0(4.7) Spellcasting
 + Level 3.1(1.9) Transmutations
 + Level 0.2(0.0) Fire Magic
 + Level 3.1(2.0) Air Magic
 + Level 6.9(5.6) Poison Magic


You had 5 spell levels left.
You knew the following spells:

 Your Spells              Type           Power        Failure   Level  Hunger
a - Sting                 Tmut/Pois      ###.         3%          1    None
b - Poisonous Vapours     Pois/Air       ###...       4%          2    ##.....
c - Olgreb's Toxic Radia  Pois           ###.....     16%         4    ####...
d - Ignite Poison         Fire/Tmut/Pois ##......     17%         3    ###....
e - Mephitic Cloud        Conj/Pois/Air  ##......     16%         3    ###....
f - Foxfire               Conj/Fire      #...         16%         1    None

Your spell library contained the following spells:

 Spells                   Type           Power        Failure   Level  Hunger


Dungeon Overview and Level Annotations

Branches:
Dungeon (6/15)             Temple (1/1) D:5

Altars:
Ashenzari
Cheibriados
Dithmenos
Elyvilon
Fedhas
Gozag
Hepliaklqana
Kikubaaqudgha
Makhleb
Nemelex Xobeh
Okawaru
Qazlal
Ru
Sif Muna
Trog
Uskayaw
Vehumet
Wu Jian
Xom
Yredelemnul
Zin
The Shining One


Innate Abilities, Weirdness & Mutations

You can breathe blasts of fire.
Your fiery red scales are hard. (AC +6)
You cannot fit into any form of body armour.
Your flesh is heat resistant. (rF+)
You are cold-blooded and may be slowed by cold attacks.
Your tail ends in a poisonous barb.
You passively map a small area around you.


Message History

The wight is severely damaged.
The wight hits you with a +1 hand axe!
* * * LOW HITPOINT WARNING * * *
You feel drained.
* * * LOW HITPOINT WARNING * * *
The wight misses you.
It was a potion of mutation.
You feel extremely strange.
You feel a strange attunement to the structure of the dungeons.
A poisonous barb forms on the end of your tail.
The wight hits you with a +1 hand axe!
* * * LOW HITPOINT WARNING * * *
You feel drained.
* * * LOW HITPOINT WARNING * * *
It was a potion of degeneration.
There was something very wrong with that liquid.
You feel weakened.
You feel dopey.
You feel clumsy. The wight barely misses you.
The wight hits you but does no damage.
It was a potion of haste.
You feel yourself speed up. The wight hits you with a +0 war axe!
You die...

#. * #. ########### ,
*.#####.##.........#
.......<.......##.##
..........####.#.(.###.#
#####.[................#
##...#####.#<..####*
#..## #.##.##
.########z@# #.##.# ,
.........z.# #.##.######
* ##########.#
#.##....... #.#
#...####### #.# ###.#
######.# #.# #......#
#.# #.###### ###.#
###########.## #...#


You could see 2 wights.

Vanquished Creatures
  Sigmund (D:5)
  A hungry ghost (D:6)
  An ice beast (D:5)
  A phantom (D:5)
  2 bullfrogs
  3 scorpions
  A howler monkey (D:6)
  3 centaur zombies
  A bullfrog zombie (D:6)
  A crimson imp (D:6)
  A centaur skeleton (D:4)
  A hound (D:4)
  2 orc wizards
  Terence (D:3)
  Jessica (D:2)
  An iguana (D:4)
  Natasha (thrice) (D:3)
  4 worker ants
  A killer bee zombie (D:6)
  A hound zombie (D:6)
  A hound skeleton (D:3)
  A worker ant zombie (D:5)
  10 adders
  3 gnolls
  3 oozes
  3 adder zombies (D:3)
  An adder skeleton (D:4)
  4 worms
  2 dart slugs (D:1)
  5 leopard geckos
  24 orcs
  A ball python (D:5)
  3 giant cockroaches
  3 goblins
  7 hobgoblins
  12 jackals
  2 kobolds (D:3)
  6 bats
  4 frilled lizards
  A quokka skeleton (D:3)
  9 rats
136 creatures vanquished.

Vanquished Creatures (others)
  18 foxfires (D:6)
  2 plants (D:4)
20 creatures vanquished.

Grand Total: 156 creatures vanquished

Notes
Turn   | Place    | Note
-------+----------+-------------------------------------------
     0 | D:1      | hawla the Draconian Venom Mage began the quest for the Orb.
     0 | D:1      | Reached XP level 1. HP: 14/14 MP: 3/3
   264 | D:1      | Reached XP level 2. HP: 20/20 MP: 0/5
   455 | D:1      | Learned a level 2 spell: Poisonous Vapours
   896 | D:2      | Reached XP level 3. HP: 26/26 MP: 0/6
  1446 | D:1      | Reached XP level 4. HP: 13/33 MP: 1/8
  1627 | D:2      | Reached skill level 1 in Air Magic
  1778 | D:2      | Noticed Jessica
  1788 | D:2      | Killed Jessica
  2007 | D:3      | Learned a level 4 spell: Olgreb's Toxic Radiance
  2103 | D:3      | Reached XP level 5. HP: 38/38 MP: 0/9
  2108 | D:3      | Learned a level 3 spell: Ignite Poison
  2557 | D:3      | Noticed Natasha
  2560 | D:3      | Killed Natasha
  3370 | D:3      | Noticed Natasha
  3380 | D:3      | Killed Natasha
  3380 | D:3      | Reached XP level 6. HP: 29/45 MP: 1/11
  3494 | D:3      | Noticed Terence
  3498 | D:3      | Killed Terence
  3570 | D:3      | Noticed Natasha
  3573 | D:3      | Killed Natasha
  3573 | D:3      | Reached skill level 5 in Poison Magic
  4454 | D:4      | Found a shattered altar of Ashenzari.
  4818 | D:4      | Your scales start taking on a fiery red colour.
  4818 | D:4      | Reached XP level 7. HP: 37/51 MP: 5/13
  4818 | D:4      | Gained mutation: Your flesh is heat resistant. (rF+) [Red
                  | Draconian growth]
  5263 | D:4      | Learned a level 3 spell: Mephitic Cloud
  5683 | D:5      | Entered Level 5 of the Dungeon
  5744 | D:5      | Reached skill level 5 in Spellcasting
  6032 | D:5      | Reached skill level 1 in Fighting
  6330 | D:5      | Noticed Sigmund
  6333 | D:5      | Killed Sigmund
  6333 | D:5      | Reached skill level 1 in Throwing
  6333 | D:5      | Reached XP level 8. HP: 59/59 MP: 3/16
  6680 | D:5      | Found a staircase to the Ecumenical Temple.
  6690 | Temple   | Entered the Ecumenical Temple
  6770 | Temple   | Became a worshipper of Vehumet
  7840 | D:6      | Reached * piety under Vehumet
  7840 | D:6      | Offered knowledge of Foxfire by Vehumet.
  7980 | D:6      | Learned a level 1 spell: Foxfire
  8096 | D:6      | Gained mutation: You passively map a small area around you.
                  | [potion of mutation]
  8096 | D:6      | Gained mutation: Your tail ends in a poisonous barb.
                  | [potion of mutation]
  8096 | D:6      | HP: 3/61 [wight/+1 hand axe (2)]
  8098 | D:6      | Slain by a wight

Illustrated notes

Levels and vault maps discovered:
D:1:      giann_forest_graveyard, layout_rooms
D:2:      layout_rooms, minmay_tripent, uniq_jessica
D:3:      layout_basic, serial_undead, serial_undead_f, serial_undead_b,
          serial_undead_c, serial_undead_f, serial_undead_f, serial_undead_b,
          uniq_terence, uniq_natasha
D:4:      layout_basic, ashenzari_conservatory_becter, minmay_lizard_king
D:5:      layout_loops_ring, minmay_temple_entry_poolview, first_ration,
          uniq_sigmund
D:6:      layout_loops_ring, kennysheep_generic_room_5
Temple:   grunt_wide_crystal_templ

Skill      XL: |  1  2  3  4  5  6  7  8 |
---------------+-------------------------+-----
Spellcasting   | 3 4 5 6 |  6.0
Poison Magic   | 4 5 6 |  6.9
Air Magic      | 1 2 3 |  3.1
Transmutations | 2 3 |  3.1
Dodging        | 2 3 |  3.0
Fighting       | 1 2 |  2.0
Throwing       | 1 2 |  2.3
Stealth        | |  1.7
Fire Magic     | |  0.2

Action                   |  1- 3 |  4- 6 |  7- 9 || total
-------------------------+-------+-------+-------++-------
Melee: Unarmed           |    15 |     3 |       ||    18
       Tailslap          |     3 |    10 |    26 ||    39
       Whip              |       |    86 |   208 ||   294
Throw: Dart              |       |     2 |       ||     2
       Boomerang         |       |       |    16 ||    16
 Cast: Sting             |    32 |    16 |    25 ||    73
       Poisonous Vapours |    18 |    57 |    29 ||   104
       Olgreb's Toxic Ra |       |     8 |    12 ||    20
       Ignite Poison     |       |     2 |     5 ||     7
       Foxfire           |       |       |    10 ||    10
 Abil: Breathe Fire      |       |       |     1 ||     1
  Use: Scroll            |     2 |     6 |     1 ||     9
       Potion            |       |       |     6 ||     6
 Stab: Sleeping          |       |       |     1 ||     1
  Eat: Chunk             |     3 |    14 |    13 ||    30
       Ration            |       |       |     2 ||     2
Armor: Skin              |    13 |    29 |    79 ||   121
Dodge: Dodged            |    37 |    71 |   182 ||   290
